 Dungeon Crawl Stone Soup version 0.31.0 (webtiles) character file.

Game seed: 7077506837925046760

1394 qw the Skirmisher (level 8, -1/49 HPs)
             Began as a Gargoyle Hunter on Jan 20, 2024.
             Was a Believer of Okawaru.
             Slain by a wight
             ... wielding a +0 flail
              (10 damage)
             ... on level 6 of the Dungeon.
             The game lasted 00:00:19 (4244 turns).

qw the Skirmisher (Gargoyle Hunter)                 Turns: 4244, Time: 00:00:20

Health: -1/49      AC: 15    Str: 14    XL:     8   Next: 68%
Magic:  11/11      EV: 11    Int: 14    God:    Okawaru [**....]
Gold:   273        SH:  0    Dex: 15    Spells: 7/7 levels left

rFire   . . .        a - +0 shortbow
rCold   . . .        (shield currently unavailable)
rNeg    + . .        g - +3 ring mail "Tiloligu" {rPois Int+3}
rPois   inf          (no helmet)
rElec   +            (no cloak)
rCorr   .            (no gloves)
SInv    .            c - +0 pair of boots
Will    .....        l - amulet of regeneration
Stlth   +            (no ring)
HPRegen 1.08/turn    (no ring)
MPRegen 0.12/turn

%: no passive effects
@: about to teleport
A: sickness immunity, AC +5, negative energy resistance 1, electricity
resistance, torment resistance 1, petrification resistance
a: Renounce Religion, Heroism


You were on level 6 of the Dungeon.
You worshipped Okawaru.
Okawaru was pleased with you.
You visited 2 branches of the dungeon, and saw 7 of its levels.

You collected 273 gold pieces.


Innate Abilities, Weirdness & Mutations

You are immune to sickness and miasma.
Your stone body is resilient. (AC +5)
You are immune to poison.
You resist negative energy. (rN+)
You are resistant to electric shocks. (rElec)
You are resistant to unholy torment.
You are immune to petrification.


   Skills:
 + Level 5.2 Fighting
 - Level 9.0 Ranged Weapons
 - Level 2.0 Armour
 - Level 2.3 Dodging
 - Level 1.1 Stealth
 - Level 4.1 Invocations


You had 7 spell levels left.
You didn't know any spells.
Your spell library was empty.

Inventory:

Hand Weapons
 a - a +0 shortbow (weapon)
Armour
 c - a +0 pair of boots (worn)
 f - a +0 leather armour of fire resistance
 g - the +3 ring mail "Tiloligu" (worn) {rPois Int+3}
   (You found it on level 4 of the Dungeon)

   Int+3:     It affects your intelligence (+3).
   rPois:     It protects you from poison
Jewellery
 l - an amulet of regeneration (around neck)
Wands
 k - a wand of flame (35)
 m - a wand of iceblast (4)
Scrolls
 d - 2 scrolls of teleportation
Potions
 b - 2 potions of curing
 e - a potion of cancellation
 h - a potion of mutation
 i - 2 potions of resistance
 j - a potion of might {unknown}

Dungeon Overview and Level Annotations

Branches:
Dungeon (6/15)             Temple (1/1) D:4

Altars:
Ashenzari
Cheibriados
Dithmenos
Hepliaklqana
Kikubaaqudgha
Nemelex Xobeh
Okawaru
Sif Muna
Trog
Uskayaw
Vehumet
Wu Jian
Xom
Yredelemnul

Shops:
D:1 !


Message History

You shoot an arrow. The arrow closely misses the wight.
The arrow barely misses the wight.
The wight hits you from afar with a +4 spear.
You shoot an arrow.
The arrow hits the wight but does no damage.
The wight hits you from afar with a +4 spear.
The wight hits you with a +0 flail.
You shoot an arrow.
The arrow hits the wight but does no damage.
The wight closely misses you. The wight barely misses you.
You shoot an arrow. The arrow hits the wight.
The wight is lightly damaged.
The wight hits you with a +0 flail! The wight barely misses you.
You shoot an arrow. The arrow barely misses the wight.
The wight hits you from afar with a +4 spear.
The wight barely misses you.
You shoot an arrow.
The arrow hits the wight but does no damage.
The wight is lightly damaged.
The wight hits you but does no damage.
The wight hits you from afar with a +4 spear!
You shoot an arrow. The arrow barely misses the wight.
The wight closely misses you. The wight hits you but does no damage.
The wight barely misses you. The wight hits you with a +0 flail!
You shoot an arrow. The arrow hits the wight.
The wight is moderately damaged.
The wight barely misses you. The wight hits you with a +0 flail.
You shoot an arrow.
The arrow hits the wight but does no damage.
The wight is moderately damaged.
The wight misses you. The wight hits you but does no damage.
You shoot an arrow. The arrow hits the wight!
The wight is severely damaged.
The wight hits you from afar with a +4 spear!
The wight hits you but does no damage.
4244 ||| READING 3 scrolls of teleportation.
As you read the scroll of teleportation, it crumbles to dust.
You feel strangely unstable. The wight completely misses you.
The wight hits you with a +0 flail!
You die...

##.## #..$#
#...# #...#
#####.).#######
#..............
.).....z.......
#..).z.@......#
..#.#..).###..#
#....# # #....#
#.#.)..#
#..).).#
####.#### #
###### #....#
#.##.....
####.#
#.......#


You could see 2 wights.

Vanquished Creatures
  Grinder (D:6)
  Prince Ribbit (D:5)
  Sigmund (D:3)
  A steam dragon (D:6)
  A black bear (D:5)
  An ogre (D:5)
  A kobold brigand (D:6)
  A wight (D:6)
  3 bombardier beetles
  2 hounds
  3 iguanas
  An orc wizard (D:5)
  6 adders
  A white imp (D:5)
  2 ribbon worms (D:3)
  4 dart slugs
  7 orcs
  5 endoplasms
  4 giant cockroaches
  10 goblins
  6 hobgoblins
  8 jackals
  10 kobolds
  3 quokkas
  7 ball pythons
  5 bats
  2 frilled lizards
  8 rats
105 creatures vanquished.

Notes
Turn   | Place    | Note
-------+----------+-------------------------------------------
     0 | D:1      | qw the Gargoyle Hunter began the quest for the Orb.
     0 | D:1      | Reached XP level 1. HP: 12/12 MP: 1/1
     0 | D:1      | 0 ||| qw: Version: 0.3-a-132-g3d54051
     0 | D:1      | 0 ||| qw: Game counter: 455
     0 | D:1      | 0 ||| qw: Melee chars always use a shield: true
     0 | D:1      | 0 ||| qw: God list: Okawaru
     0 | D:1      | 0 ||| qw: Allow faded altars: false
     0 | D:1      | 0 ||| qw: Do Orc after clearing Dungeon:15 true
     0 | D:1      | 0 ||| qw: Do second Lair branch before Depths: true
     0 | D:1      | 0 ||| qw: Lair rune preference: random
     0 | D:1      | 0 ||| qw: Goals: Normal
     0 | D:1      | 0 ||| PLANNING D:1-11
    45 | D:1      | Reached XP level 2. HP: 17/17 MP: 2/2
   220 | D:1      | Found Kazal's Distillery.
   228 | D:1      | 228 ||| SHOPLISTING 2 potions of curing (72 gold, have 16).
   228 | D:1      | 228 ||| SHOPLISTING potion of curing (36 gold, have 16).
   228 | D:1      | 228 ||| SHOPLISTING potion of enlightenment (60 gold, have
                  | 16).
   228 | D:1      | 228 ||| SHOPLISTING potion of haste (120 gold, have 16).
   228 | D:1      | 228 ||| SHOPLISTING potion of heal wounds (60 gold, have
                  | 16).
   255 | D:1      | Reached XP level 3. HP: 21/21 MP: 3/3
   328 | D:1      | Reached skill level 5 in Ranged Weapons
   737 | D:1      | 737 ||| READING scroll labelled SEODAE ZUDAK.
   737 | D:1      | 737 ||| ENCHANTING +0 shortbow.
   738 | D:1      | 738 ||| DROPPING scroll of butterflies.
   884 | D:2      | Reached skill level 3 in Fighting
  1014 | D:2      | You fall into a shaft and drop 2 floors!
  1046 | D:4      | Reached XP level 4. HP: 28/28 MP: 4/4
  1061 | D:4      | Identified the +3 ring mail "Tiloligu" {rPois Int+3}
  1120 | D:4      | Found a staircase to the Ecumenical Temple.
  1121 | D:4      | 1121 ||| PLANNING TEMPLE
  1121 | D:4      | 1121 ||| UPGRADING to +3 ring mail "Tiloligu" {rPois
                  | Int+3}.
  1131 | D:4      | 1131 ||| DROPPING +0 leather armour.
  1132 | D:4      | 1132 ||| READING 2 scrolls labelled DUMIKL QUUF.
  1133 | D:4      | 1133 ||| READING scroll labelled JASYESHRAWORPH.
  1138 | D:4      | 1138 ||| DROPPING scroll of immolation.
  1172 | Temple   | Entered the Ecumenical Temple
  1173 | Temple   | 1173 ||| PLANNING OKAWARU WORSHIP
  1181 | Temple   | Became a worshipper of Warmaster Okawaru
  1182 | Temple   | 1182 ||| PLANNING D:1-11
  1315 | D:4      | 1315 ||| FLEEEEING.
  1323 | D:4      | 1323 ||| STAIRDANCE
  1396 | D:3      | 1396 ||| FLEEEEING.
  1403 | D:3      | 1403 ||| STAIRDANCE
  1436 | D:2      | Reached skill level 1 in Armour
  1501 | D:2      | Found a hide-covered altar of Uskayaw.
  2002 | D:2      | 2002 ||| UPGRADING to +0 pair of boots.
  2007 | D:2      | 2007 ||| READING scroll labelled OSEHEBLOKUT.
  2007 | D:2      | 2007 ||| IDENTIFYING metallic sapphire potion
  2008 | D:2      | 2008 ||| READING scroll labelled WEECEKI BIDOAKK.
  2009 | D:2      | 2009 ||| DRINKING 2 sedimented cyan potions.
  2010 | D:2      | 2010 ||| DROPPING potion of invisibility.
  2053 | D:3      | Noticed a +0 falchion
  2196 | D:3      | Found a sparkling altar of Nemelex Xobeh.
  2246 | D:3      | Reached XP level 5. HP: 32/32 MP: 5/5
  2273 | D:3      | Noticed a +0 spear
  2273 | D:3      | Noticed a +0 short sword
  2273 | D:3      | Noticed a +0 dagger
  2273 | D:3      | Noticed a +0 dagger
  2273 | D:3      | Noticed a +0 short sword
  2273 | D:3      | Noticed a +0 spear
  2274 | D:3      | Noticed a +0 falchion
  2320 | D:3      | Found a hide-covered altar of Uskayaw.
  2487 | D:3      | Noticed Sigmund
  2488 | D:3      | 2488 ||| ZAPPING wand of flame (16) at -2,1 (Sigmund;
                  | floor).
  2491 | D:3      | 2491 ||| FLEEEEING.
  2502 | D:3      | 2502 ||| FLEEEEING.
  2513 | D:3      | 2513 ||| FLEEEEING.
  2524 | D:3      | 2524 ||| FLEEEEING.
  2535 | D:3      | 2535 ||| FLEEEEING.
  2539 | D:3      | 2539 ||| STAIRDANCE
  2569 | D:2      | 2569 ||| READING scroll of identify.
  2569 | D:2      | 2569 ||| IDENTIFYING amethyst potion
  2570 | D:2      | 2570 ||| DRINKING 2 green potions.
  2571 | D:2      | 2571 ||| DROPPING potion of attraction.
  2578 | D:3      | 2578 ||| ZAPPING wand of flame (15) at 0,1 (Sigmund;
                  | floor).
  2579 | D:3      | 2579 ||| ZAPPING wand of flame (14) at 0,1 (Sigmund;
                  | floor).
  2580 | D:3      | 2580 ||| ZAPPING wand of flame (13) at 0,1 (Sigmund;
                  | floor).
  2581 | D:3      | 2581 ||| ZAPPING wand of flame (12) at 0,1 (Sigmund;
                  | floor).
  2582 | D:3      | 2582 ||| ZAPPING wand of flame (11) at 0,1 (Sigmund;
                  | floor).
  2583 | D:3      | Killed Sigmund
  2584 | D:3      | Reached skill level 6 in Ranged Weapons
  2584 | D:3      | Reached XP level 6. HP: 37/37 MP: 6/6
  2742 | D:3      | 2742 ||| READING scroll of identify.
  2742 | D:3      | 2742 ||| IDENTIFYING cyan potion
  3028 | D:4      | Reached * piety under Okawaru
  3030 | D:4      | 3030 ||| FLEEEEING.
  3131 | D:4      | 3131 ||| FLEEEEING.
  3183 | D:4      | Found a broken altar of Ashenzari.
  3255 | D:4      | 3255 ||| DROPPING amulet of magic regeneration.
  3256 | D:4      | 3256 ||| UPGRADING to amulet of regeneration.
  3261 | D:4      | 3261 ||| READING scroll labelled KAAHEEZASH.
  3275 | D:5      | Entered Level 5 of the Dungeon
  3333 | D:5      | Noticed a black bear
  3334 | D:5      | 3334 ||| INVOKING Heroism.
  3335 | D:5      | 3335 ||| INVOKING Heroism.
  3343 | D:5      | Killed a black bear
  3344 | D:5      | Reached XP level 7. HP: 44/44 MP: 4/7
  3401 | D:5      | Reached skill level 7 in Ranged Weapons
  3401 | D:5      | Reached skill level 1 in Invocations
  3473 | D:5      | 3473 ||| FLEEEEING.
  3504 | D:5      | Noticed Prince Ribbit
  3505 | D:5      | 3505 ||| INVOKING Heroism.
  3513 | D:5      | 3513 ||| DRINKING 3 potions of curing.
  3513 | D:5      | 3513 ||| (to cure confusion)
  3521 | D:5      | 3521 ||| INVOKING Heroism.
  3523 | D:5      | Killed Prince Ribbit
  3524 | D:5      | Reached skill level 8 in Ranged Weapons
  3541 | D:5      | 3541 ||| FLEEEEING.
  3595 | D:5      | Reached XP level 8. HP: 23/49 MP: 9/9
  3612 | D:5      | 3612 ||| FLEEEEING.
  4005 | D:5      | Found a bloodstained altar of Trog.
  4016 | D:5      | Reached skill level 3 in Invocations
  4070 | D:5      | 4070 ||| DROPPING ring of magical power.
  4071 | D:5      | 4071 ||| DRINKING 3 silvery potions.
  4118 | D:6      | 4118 ||| FLEEEEING.
  4125 | D:6      | 4125 ||| STAIRDANCE
  4161 | D:6      | Noticed Grinder
  4162 | D:6      | 4162 ||| INVOKING Heroism.
  4168 | D:6      | Paralysed by Grinder for 5 turns
  4183 | D:6      | 4183 ||| INVOKING Heroism.
  4202 | D:6      | Killed Grinder
  4221 | D:6      | Reached ** piety under Okawaru
  4222 | D:6      | Reached skill level 9 in Ranged Weapons
  4243 | D:6      | HP: 8/49 [wight/+4 spear (10)]
  4244 | D:6      | 4244 ||| READING 3 scrolls of teleportation.
  4244 | D:6      | Slain by a wight

Levels and vault maps discovered:
D:1:      psy_arrival_spokes, layout_loops_cross, serial_shops, shop,
          st_stairs_11, nicolae_figureground_sparkle
D:2:      layout_basic, basic_altar
D:3:      layout_basic, nicolae_uskayaw_en_pointe, mainiacjoe_overflow_alcove_1,
          patterned_corridor, uniq_sigmund
D:4:      layout_loops_ring, cheibrodos_ashenzari_chains,
          minmay_temple_entry_crystal_x
D:5:      layout_loops_ring, mainiacjoe_overflow_alcove_4, uniq_prince_ribbit1
D:6:      layout_loops_cross, fedhas_altar_decomposition, st_stairs_3,
          kennysheep_generic_room_3, uniq_grinder
Temple:   nicolae_temple_ecumenical_triangle

Skill      XL: |  1  2  3  4  5  6  7  8 |
---------------+-------------------------+-----
Ranged Weapons | 5 6 8 9 |  9.0
Fighting       | 3 4 5 |  5.2
Armour         | 1 2 |  2.0
Invocations    | 2 4 |  4.1
Dodging        | 2 |  2.3
Stealth        | |  1.1

Action                     |  1- 3 |  4- 6 |  7- 9 || total
---------------------------+-------+-------+-------++-------
   Fire: Shortbow          |   127 |   144 |   180 ||   451
 Invoke: Heroism           |       |     1 |     4 ||     5
  Evoke: Wand              |       |     6 |       ||     6
    Use: Scroll            |     1 |     7 |     1 ||     9
         Potion            |       |     2 |     2 ||     4
 Armour: Leather armour    |    42 |     1 |       ||    43
         Ring mail         |       |    44 |   134 ||   178
  Dodge: Dodged            |    33 |    35 |    84 ||   152

Table legend:
 A = Non-vault XP
 B = Vault XP
 C = Vault XP percentage of total XP
 D = Non-vault monster count
 E = Vault monster count
 F = Vault count percentage of total count
                 A         B        C        D         E       F
            +---------+---------+-------+---------+---------+-------
      Total |    1203 |     789 |  39.6 |      99 |       6 |   5.7
            +---------+---------+-------+---------+---------+-------
        D:1 |      58 |       5 |   7.9 |      35 |       3 |   7.9
        D:2 |      34 |       0 |   0.0 |      11 |       0 |   0.0
        D:3 |      44 |     226 |  83.7 |      15 |       1 |   6.2
        D:4 |     158 |       0 |   0.0 |      14 |       0 |   0.0
        D:5 |     497 |     277 |  35.8 |      15 |       1 |   6.2
        D:6 |     412 |     281 |  40.5 |       9 |       1 |  10.0
            +---------+---------+-------+---------+---------+-------
